 Dungeon Crawl Stone Soup version 0.29.0-4-gdea44cf6ec (webtiles) character file.

Game seed: 4218658846471209168

247 qw the Sneak (level 6, -1/37 HPs)
             Began as a Gargoyle Delver on Sept 10, 2022.
             Slain by Duvessa
             ... wielding a +0 short sword
              (12 damage)
             ... on level 4 of the Dungeon.
             The game lasted 00:01:33 (6431 turns).

qw the Sneak (Gargoyle Delver)                      Turns: 6431, Time: 00:01:33

Health: -1/37      AC: 15    Str: 18    XL:     6   Next: 11%
Magic:  6/6        EV:  7    Int: 10    God:
Gold:   17         SH:  0    Dex: 11    Spells: 5/5 levels left

rFire   . . .      SeeInvis .   Y - +2 hand axe
rCold   . . .      Faith    .   (no shield)
rNeg    + . .      Spirit   .   m - +0 chain mail
rPois   inf        Reflect  .   (no helmet)
rElec   +          Harm     .   (no cloak)
rCorr   .          Rampage  .   h - +1 pair of gloves
Will    .....                   (no boots)
Stlth   ..........              (no amulet)
HPRegen 0.12/turn               (no ring)
MPRegen 0.10/turn               (no ring)

@: no status effects
A: sickness immunity, AC +4, negative energy resistance 1, electricity
resistance, torment resistance 1, petrification resistance
a: no special abilities


You were on level 4 of the Dungeon.
You visited 1 branch of the dungeon, and saw 5 of its levels.

You collected 167 gold pieces.
You spent 150 gold pieces at shops.


Innate Abilities, Weirdness & Mutations

You are immune to sickness and miasma.
Your stone body is resilient. (AC +4)
You are immune to poison.
You resist negative energy. (rN+)
You are resistant to electric shocks. (rElec)
You are resistant to unholy torment.
You are immune to petrification.


   Skills:
 - Level 3.2 Fighting
 + Level 4.9 Axes
 - Level 2.9 Armour
 - Level 1.5 Dodging
 - Level 5.4 Stealth


You had 5 spell levels left.
You didn't know any spells.
Your spell library was empty.

Inventory:

Hand Weapons
 b - a +0 flail
 Y - a +2 hand axe (weapon)
Missiles
 i - 3 boomerangs (quivered)
Armour
 h - a +1 pair of gloves (worn)
 m - a +0 chain mail (worn)
Wands
 g - a wand of digging (3)
Scrolls
 c - a scroll of identify
Potions
 a - a potion of might
 d - a potion of invisibility {unknown}
 e - a potion of brilliance {unknown}
 f - a potion of haste
 k - a potion of berserk rage {unknown}

Dungeon Overview and Level Annotations

Branches:
Dungeon (5/15)
 Temple: D:4-7

Altars:
Wu Jian

Shops:
D:3 (

Annotations:
D:4 1 transporter, Duvessa; qw's ghost, weakling GrDe


Message History

Dowan says, "Stay away from my face!"
Duvessa hits you but does no damage.
You barely miss Duvessa.
Duvessa is moderately wounded.
You hit Dowan. Dowan hits you but does no damage.
Duvessa says, "Where magic fails, the sword succeeds!"
Duvessa hits you with a +0 short sword.
You hit Dowan.
Dowan is severely wounded.
You hit Duvessa.
Dowan points at you and mumbles some strange words.
The puff of flame hits you but does no damage.
Duvessa hits you but does no damage.
You hit Dowan.
Dowan is almost dead.
You hit Duvessa but do no damage. Dowan gestures at you while chanting.
The puff of flame hits you. Duvessa hits you but does no damage.
You closely miss Dowan.
Dowan is almost dead.
You hit Duvessa but do no damage. Dowan barely misses you.
Duvessa hits you but does no damage.
You closely miss Dowan.
Dowan is almost dead.
You closely miss Duvessa. Dowan barely misses you.
Duvessa hits you but does no damage.
You hit Dowan.
You kill Dowan!
Duvessa weeps, and shakes her weapon.
Duvessa goes berserk!
You hit Duvessa but do no damage. Duvessa hits you with a +0 short sword!
Duvessa hits you with a +0 short sword.
Your Armour skill increases to level 2!
You have reached level 6!
You slash Duvessa!
Duvessa is heavily wounded.
Duvessa hits you but does no damage.
You hit Duvessa but do no damage.
Duvessa is heavily wounded.
Duvessa hits you but does no damage. Duvessa hits you with a +0 short sword!
You die...

#.# #.........# #.# #+
#......<..# #.#
#..###.##.# #.# # #.
#...#.# #.### ##
#..#.###..# #.#.## ##.
..e. #..######....####..
....###...............'..
#.......).####......####>.
##.#.#.##@#.........# ##.
#......e.#.##.#..#.# ##
#####.#### #....#.# # #
#..#.#.# #..#.#.#
........# ## #..


You could see Duvessa (berserk).

Vanquished Creatures
  Dowan (D:4)
  An orc priest (D:3)
  Natasha (thrice) (D:2)
  An orc wizard (D:3)
  2 adders
  A dart slug (D:1)
  3 orcs (D:3)
  3 ball pythons
  5 endoplasms
  3 giant cockroaches
  3 goblins
  5 hobgoblins
  3 jackals (D:3)
  3 kobolds
  7 bats
  5 frilled lizards
  5 rats
54 creatures vanquished.

Vanquished Creatures (others)
  2 plants (D:4)
2 creatures vanquished.

Grand Total: 56 creatures vanquished

Notes
Turn   | Place    | Note
-------+----------+-------------------------------------------
     0 | D:5      | qw the Gargoyle Delver began the quest for the Orb.
     0 | D:5      | Reached XP level 1. HP: 14/14 MP: 1/1
     0 | D:5      | 0 ||| qw: Version: 0.1-a-116-g5d60599
     0 | D:5      | 0 ||| qw: Game counter: 8076
     0 | D:5      | 0 ||| qw: Always use a shield: true
     0 | D:5      | 0 ||| qw: God list: Okawaru
     0 | D:5      | 0 ||| qw: Allow faded altars: false
     0 | D:5      | 0 ||| qw: Do Orc after D:15 true
     0 | D:5      | 0 ||| qw: Do second Lair branch before Depths: true
     0 | D:5      | 0 ||| qw: Lair rune preference: random
     0 | D:5      | 0 ||| qw: Plans: Normal
     0 | D:5      | 0 ||| PLANNING D:1-11
   130 | D:5      | Reached XP level 2. HP: 16/19 MP: 2/2
   217 | D:5      | 217 ||| READING scroll labelled EXKULOTHERCH.
   218 | D:5      | 218 ||| READING scroll labelled XOAG NUNEIV.
   219 | D:5      | 219 ||| DROPPING scroll of fog.
   220 | D:5      | 220 ||| DROPPING scroll of magic mapping.
   221 | D:5      | 221 ||| DROPPING scroll of fear.
   226 | D:4      | Noticed qw's ghost (weakling GrDe)
   226 | D:4      | Found a transporter.
   358 | D:3      | 358 ||| DRINKING 2 fuming green potions.
   417 | D:3      | 417 ||| DROPPING potion of ambrosia.
   554 | D:1      | 554 ||| Stepping ~*~*~tactically~*~*~ (stealth).
   715 | D:1      | Reached skill level 3 in Axes
   723 | D:1      | 723 ||| Stepping ~*~*~tactically~*~*~ (stealth).
   799 | D:1      | Reached XP level 3. HP: 17/23 MP: 3/3
   998 | D:1      | 998 ||| Stepping ~*~*~tactically~*~*~ (hiding).
  1100 | D:1      | 1100 ||| Stepping ~*~*~tactically~*~*~ (hiding).
  1202 | D:1      | 1202 ||| Stepping ~*~*~tactically~*~*~ (hiding).
  1304 | D:1      | 1304 ||| Stepping ~*~*~tactically~*~*~ (hiding).
  1406 | D:1      | 1406 ||| Stepping ~*~*~tactically~*~*~ (hiding).
  1508 | D:1      | 1508 ||| Stepping ~*~*~tactically~*~*~ (hiding).
  1610 | D:1      | 1610 ||| Stepping ~*~*~tactically~*~*~ (hiding).
  1712 | D:1      | 1712 ||| Stepping ~*~*~tactically~*~*~ (hiding).
  1814 | D:1      | 1814 ||| Stepping ~*~*~tactically~*~*~ (hiding).
  1916 | D:1      | 1916 ||| Stepping ~*~*~tactically~*~*~ (hiding).
  2018 | D:1      | 2018 ||| Stepping ~*~*~tactically~*~*~ (hiding).
  2120 | D:1      | 2120 ||| Stepping ~*~*~tactically~*~*~ (hiding).
  2222 | D:1      | 2222 ||| Stepping ~*~*~tactically~*~*~ (hiding).
  2324 | D:1      | 2324 ||| Stepping ~*~*~tactically~*~*~ (hiding).
  2426 | D:1      | 2426 ||| Stepping ~*~*~tactically~*~*~ (hiding).
  2528 | D:1      | 2528 ||| Stepping ~*~*~tactically~*~*~ (hiding).
  2630 | D:1      | 2630 ||| Stepping ~*~*~tactically~*~*~ (hiding).
  2732 | D:1      | 2732 ||| Stepping ~*~*~tactically~*~*~ (hiding).
  2834 | D:1      | 2834 ||| Stepping ~*~*~tactically~*~*~ (hiding).
  2936 | D:1      | 2936 ||| Stepping ~*~*~tactically~*~*~ (hiding).
  3038 | D:1      | 3038 ||| Stepping ~*~*~tactically~*~*~ (hiding).
  3140 | D:1      | 3140 ||| Stepping ~*~*~tactically~*~*~ (hiding).
  3242 | D:1      | 3242 ||| Stepping ~*~*~tactically~*~*~ (hiding).
  3344 | D:1      | 3344 ||| Stepping ~*~*~tactically~*~*~ (hiding).
  3446 | D:1      | 3446 ||| Stepping ~*~*~tactically~*~*~ (hiding).
  3548 | D:1      | 3548 ||| Stepping ~*~*~tactically~*~*~ (hiding).
  3650 | D:1      | 3650 ||| Stepping ~*~*~tactically~*~*~ (hiding).
  4175 | D:1      | 4175 ||| DROPPING orb of energy.
  4176 | D:1      | 4176 ||| UPGRADING to +0 ring mail.
  4186 | D:1      | 4186 ||| DROPPING +0 leather armour.
  4187 | D:1      | 4187 ||| READING scroll labelled MOTTUKKARAU.
  4241 | D:2      | Noticed Natasha
  4249 | D:2      | Killed Natasha
  4250 | D:2      | Reached XP level 4. HP: 23/28 MP: 4/4
  4459 | D:2      | Noticed Natasha
  4468 | D:2      | HP: 5/28 [Natasha/magic dart (3)]
  4471 | D:2      | Killed Natasha
  4874 | D:2      | Noticed Natasha
  4889 | D:2      | Killed Natasha
  4890 | D:2      | Reached skill level 1 in Armour
  4890 | D:2      | Reached XP level 5. HP: 29/32 MP: 5/5
  4926 | D:2      | 4926 ||| READING scroll of enchant weapon.
  4926 | D:2      | 4926 ||| ENCHANTING +1 hand axe.
  5394 | D:2      | 5394 ||| UPGRADING to +1 pair of gloves.
  5399 | D:2      | 5399 ||| READING scroll labelled VISHRE KIRRI PIF.
  5400 | D:2      | 5400 ||| READING 2 scrolls labelled HAEB EBIACLUGH.
  5401 | D:2      | 5401 ||| DRINKING 2 murky blue potions.
  5402 | D:2      | 5402 ||| DROPPING scroll of immolation.
  5429 | D:3      | 5429 ||| Stepping ~*~*~tactically~*~*~ (stealth).
  5743 | D:3      | 5743 ||| Stepping ~*~*~tactically~*~*~ (stealth).
  5838 | D:3      | Found an ornate altar of the Wu Jian Council.
  6040 | D:3      | Found Wymin's Antique Weapon Boutique.
  6049 | D:3      | 6049 ||| BUYING runed mace (150 gold).
  6049 | D:3      | Bought a runed mace for 150 gold pieces
  6049 | D:3      | 6049 ||| SHOPLISTING runed war axe (162 gold, have 17).
  6049 | D:3      | 6049 ||| DROPPING +0 club.
  6062 | D:3      | 6062 ||| Stepping ~*~*~tactically~*~*~ (stealth).
  6274 | D:3      | 6274 ||| UPGRADING to +0 scale mail.
  6284 | D:3      | 6284 ||| DROPPING +0 ring mail.
  6285 | D:3      | 6285 ||| UPGRADING to +0 chain mail.
  6295 | D:3      | 6295 ||| DROPPING +0 scale mail.
  6296 | D:3      | 6296 ||| DROPPING +6 ring of intelligence.
  6377 | D:4      | 6377 ||| DROPPING +2 mace of protection.
  6410 | D:4      | Noticed Duvessa
  6410 | D:4      | Noticed Dowan
  6416 | D:4      | 6416 ||| Stepping ~*~*~tactically~*~*~ (hiding).
  6429 | D:4      | Killed Dowan
  6430 | D:4      | Reached XP level 6. HP: 11/37 MP: 6/6
  6431 | D:4      | Slain by Duvessa

Levels and vault maps discovered:
D:1:      dpeg_arrival_rhombus, layout_loops_ring, minmay_crystal_room,
          st_stairs_10
D:2:      layout_basic, minmay_tromino_i4, uniq_natasha
D:3:      layout_loops_ring, mainiacjoe_overflow_surrounded_room, serial_shops,
          shop_statue, grunt_decor_fettered
D:4:      layout_loops_corners, fedhas_ov_isle_minmay, gammafunk_ghost_arena,
          minmay_increasing_density, uniq_duvessa
D:5:      wad_pebble_path, layout_basic, serial_shops, shop, chequers_arboretum,
          amcnicky_mini_pool_small

Skill      XL: |  1  2  3  4  5 |
---------------+----------------+-----
Axes           | 2 3 4 |  4.9
Armour         | 1 2 |  2.9
Fighting       | |  3.2
Dodging        | |  1.5
Stealth        | |  5.4

Action                   |  1- 3 |  4- 6 || total
-------------------------+-------+-------++-------
Melee: Hand axe          |    85 |   127 ||   212
Throw: Boomerang         |       |     2 ||     2
  Use: Scroll            |     3 |     3 ||     6
       Potion            |     1 |     1 ||     2
 Stab: Sleeping          |     1 |     1 ||     2
Armor: Leather armour    |    20 |       ||    20
       Ring mail         |     1 |    48 ||    49
       Chain mail        |       |    13 ||    13
Dodge: Dodged            |    45 |    58 ||   103

Table legend:
 A = Non-vault XP
 B = Vault XP
 C = Vault XP percentage of total XP
 D = Non-vault monster count
 E = Vault monster count
 F = Vault count percentage of total count
                 A         B        C        D         E       F
            +---------+---------+-------+---------+---------+-------
      Total |     239 |     114 |  32.3 |      46 |       8 |  14.8
            +---------+---------+-------+---------+---------+-------
        D:1 |      27 |       5 |  15.6 |      17 |       3 |  15.0
        D:2 |      88 |      40 |  31.2 |       7 |       4 |  36.4
        D:3 |     109 |       0 |   0.0 |      20 |       0 |   0.0
        D:4 |       2 |      69 |  97.2 |       1 |       1 |  50.0
        D:5 |      13 |       0 |   0.0 |       1 |       0 |   0.0
            +---------+---------+-------+---------+---------+-------
